AoeStats
← Kuytan

African Clearing

510344207Analyzed
2v2 RM · 2d ago on Sep 30, 2026· 49m 54s· 4 players
Game mode
Random Map
Map size
Medium (4 player)
Population
200
Speed
Normal
Resources
Standard
Victory
Conquest
Starting age
Dark Age
Ending age
Imperial Age
RankedLock teamsTeams togetherTeam positionsShared explorationLock speedFull tech treeHidden civsTurbo modeCheats
Victory
Defeat
🇦🇷 Magyars · Argentina
1225
+16
🇦🇷 Huns · Argentina
1188
+17
🇸🇪 Mongols · Sweden
1236
-17
🇸🇪 Huns · Sweden
1194
-16
MedicenelMago
9:26 Loom
12:21 Feudal Age
13:24 Town Watch
15:10 Double-Bit Axe
22:30 Castle Age
21:18 Scale Barding Armor
22:25 Bloodlines
23:28 Pikeman
24:33 Husbandry
24:32 Gold Mining
27:31 Forging
29:19 Chain Barding Armor
31:33 Wheelbarrow
35:43 Scale Mail Armor
35:58 Arson
36:13 Squires
37:03 Bow Saw
36:57 Light Cavalry
38:13 Chain Mail Armor
38:10 Fletching
40:34 Iron Casting
40:36 Squires
44:09 Hand Cart
48:13 Imperial Age
46:34 Bodkin Arrow
48:55 Caravan
48:39 Halberdier
48:50 Capped Ram
PeloDeElite
4:31 Loom
13:04 Feudal Age
13:47 Double-Bit Axe
15:41 Scale Barding Armor
22:51 Castle Age
21:22 Bloodlines
22:08 Wheelbarrow
23:42 Husbandry
28:06 Hand Cart
28:41 Chain Barding Armor
30:48 Gold Mining
35:42 Devotion
43:44 Gold Shaft Mining
42:59 Stone Mining
46:11 Imperial Age
44:50 Ballistics
44:58 Fletching
45:08 Padded Archer Armor
44:58 Fletching
46:06 Bow Saw
46:19 Thumb Ring
46:43 Leather Archer Armor
46:34 Bodkin Arrow
47:02 Recurve Bow
47:42 Conscription
47:52 Parthian Tactics
48:34 Chemistry
49:10 Town Watch
49:56 Bracer
50:26 Ring Archer Armor
somewear
8:04 Loom
12:51 Feudal Age
17:08 Castle Age
14:54 Town Watch
15:04 Double-Bit Axe
15:26 Town Watch
20:51 Husbandry
21:58 Scale Barding Armor
23:00 Bloodlines
26:30 Forging
32:15 Wheelbarrow
34:58 Chain Barding Armor
40:08 Imperial Age
38:21 Fletching
40:18 Cavalier
47:17 Murder Holes
49:52 Padded Archer Armor
Kuytan
5:39 Loom
7:11 Loom
15:09 Feudal Age
20:39 Castle Age
18:45 Horse Collar
20:04 Bloodlines
20:50 Double-Bit Axe
21:40 Forging
22:08 Heavy Plow
24:14 Double-Bit Axe
26:14 Husbandry
29:01 Fletching
31:28 Scale Barding Armor
32:29 Wheelbarrow
33:00 Iron Casting
33:05 Town Watch
34:21 Bow Saw
36:56 Pikeman
44:50 Chain Barding Armor
Connection lost

Rejoining the realm…

Still unreachable

The connection could not be restored.

Session expired

The server has moved on; the page needs a fresh start.